 Dungeon Crawl Stone Soup version 0.29-a0-1006-g0dd7720b37 (webtiles) character file.

Game seed: 6287334969575149714

75 drpainis the Trooper (level 4, -1/40 HPs)
             Began as a Hill Orc Fighter on Aug 6, 2022.
             Was an Initiate of Beogh.
             Slain by an orc
             ... wielding a +0 war axe
              (4 damage)
             ... on level 4 of the Dungeon.
             The game lasted 00:03:23 (3237 turns).

drpainis the Trooper (Hill Orc Fighter)             Turns: 3237, Time: 00:03:25

Health: -1/40      AC:  7    Str: 20    XL:     4   Next: 31%
Magic:  4/4        EV:  9    Int:  8    God:    Beogh [......]
Gold:   206        SH:  0    Dex: 10    Spells: 3/3 levels left

rFire   . . .      SeeInvis .   a - +0 war axe
rCold   . . .      Faith    .   c - +0 buckler
rNeg    . . .      Spirit   .   b - +0 scale mail
rPois   .          Reflect  .   (no helmet)
rElec   .          Harm     .   (no cloak)
rCorr   .          Rampage  .   (no gloves)
Will    .....                   (no boots)
Stlth   ..........              (no amulet)
HPRegen 0.13/turn               (no ring)
MPRegen 0.09/turn               (no ring)

@: confused, mighty
A: no striking features
a: Renounce Religion


You were on level 4 of the Dungeon.
You worshipped Beogh.
Beogh was noncommittal.
You visited 1 branch of the dungeon, and saw 4 of its levels.

You collected 206 gold pieces.

Inventory:

Hand Weapons
 a - a +0 war axe (weapon)
Missiles
 k - a throwing net (quivered)
Armour
 b - a +0 scale mail (worn)
 c - a +0 buckler (worn)
Scrolls
 f - a scroll of magic mapping
 g - 2 scrolls of teleportation
 h - a scroll of identify
 j - a scroll of amnesia {unknown}
 l - 2 scrolls of enchant weapon
 o - a scroll of silence {unknown}
 r - a scroll of immolation {unknown}
 s - a scroll of enchant armour {unknown}
 t - a scroll of torment {unknown}
 u - a scroll of noise {unknown}
Potions
 e - a potion of ambrosia
 i - a potion of brilliance {unknown}
 m - a potion of lignification {unknown}
 n - a potion of resistance {unknown}
 p - 2 potions of flight {unknown}
 q - a potion of invisibility {unknown}
 v - a potion of curing {unknown}


   Skills:
 + Level 4.2 Fighting
 + Level 3.8 Axes
 + Level 0.7 Throwing
 + Level 3.9 Armour
 + Level 0.1 Dodging
 + Level 0.1 Stealth
 + Level 3.6 Shields


You had 3 spell levels left.
You didn't know any spells.
Your spell library contained the following spells:

 Spells                   Type           Power      Damage    Failure   Level
 Freeze                   Ice            0%         1d3       85%         1
 Magic Dart               Conj           0%         1d3       85%         1
 Call Imp                 Summ           0%         N/A       94%         2
 Static Discharge         Conj/Air       0%         3-3/arc   94%         2
 Frozen Ramparts          Ice            0%         1d1       99%         3
 Mephitic Cloud           Conj/Pois/Air  0%         N/A       99%         3
 Hailstorm                Conj/Ice       0%         3d3       100%        4
 Lightning Bolt           Conj/Air       0%         1d11      100%        5
 Maxwell's Capacitive Co  Air            0%         ∞         100%        8


Dungeon Overview and Level Annotations

Branches:
Dungeon (4/15)
 Temple: D:4-7

Altars:
Okawaru

Shops:
D:3 :


Message History

You are more confused.
You feel invigorated. The orc barely misses you.
The orc hits you but does no damage. The orc attacks as you move away!
The orc hits you with a +0 short sword.
* * * LOW HITPOINT WARNING * * *
The orc hits you with a +0 flail!
* * * LOW HITPOINT WARNING * * *
You bump into the rock wall.
Something hits you.
* * * LOW HITPOINT WARNING * * *
The orc hits you with a +0 short sword.
* * * LOW HITPOINT WARNING * * *
The orc barely misses you.
You bump into the rock wall.
Something hits you but does no damage. The orc hits you but does no damage.
The orc barely misses you. The orc hits you with a +0 war axe.
* * * LOW HITPOINT WARNING * * *
You bump into the rock wall.
You feel less invigorated. Something hits you but does no damage.
The orc hits you but does no damage. x2
The orc barely misses you. The orc completely misses you.
You bump into the rock wall.
You feel less confused. Something hits you but does no damage.
The orc closely misses you. The orc hits you but does no damage.
The orc hits you with a +0 war axe.
* * * LOW HITPOINT WARNING * * *
The orc barely misses you.
You hit the orc.
The orc is heavily wounded.
You hit the orc but do no damage. You barely miss the orc.
You hit the orc but do no damage. You barely miss something.
Something hits you.
* * * LOW HITPOINT WARNING * * *
The orc hits you but does no damage. The orc closely misses you.
The orc completely misses you. The orc hits you but does no damage.
You feel very mighty all of a sudden.
You hear some strange, mumbled words.
You are confused.
The orc hits you but does no damage. The orc barely misses you.
The orc hits you but does no damage. The orc hits you with a +0 war axe.
You die...
Beogh appreciates the orc's killing of a heretic priest.

##.o..## #.⌠o..# ##...).#
# #....#.# ..###
##...##.### # ...
#....#....#
##.###.####.<.##.#.o+
#$......o.#...#.....##
#.......{@#####......###
#.......ooo........#...#
#....!.....##.....##...#
.......................##
..............#########.##
..........................
......<....##############.
#..........# #.
#..........# ##


You could see 4 orcs.

Vanquished Creatures
  2 adders
  A worm (D:3)
  A dart slug (D:3)
  3 endoplasms
  A giant cockroach (D:3)
  2 goblins
  5 hobgoblins
  6 jackals
  4 quokkas
  6 ball pythons
  9 bats
  3 frilled lizards
  4 kobolds
  2 rats (D:1)
49 creatures vanquished.

Vanquished Creatures (others)
  16 plants (D:1)
16 creatures vanquished.

Grand Total: 65 creatures vanquished

Notes
Turn   | Place    | Note
-------+----------+-------------------------------------------
     0 | D:1      | drpainis the Hill Orc Fighter began the quest for the Orb.
     0 | D:1      | Reached XP level 1. HP: 19/19 MP: 1/1
   250 | D:1      | Reached skill level 4 in Fighting
   250 | D:1      | Reached XP level 2. HP: 19/27 MP: 2/2
   445 | D:1      | You fall into a shaft and drop 1 floor!
   497 | D:2      | Reached XP level 3. HP: 24/33 MP: 3/3
   568 | D:2      | Found an iron altar of Okawaru.
  2413 | D:3      | Reached XP level 4. HP: 39/40 MP: 4/4
  3040 | D:3      | Found Ypupte's Book Shop.
  3163 | D:4      | Became a worshipper of Beogh the Brigand
  3237 | D:4      | Slain by an orc

Illustrated notes

Levels and vault maps discovered:
D:1:      minmay_arrival_glassed_features, layout_basic, serial_bayou,
          serial_bayou_lake_a, serial_bayou_shore_a, serial_bayou_lagoon_a,
          serial_bayou_pond_d
D:2:      layout_basic, basic_altar, minmay_small_reverse_x
D:3:      layout_basic, serial_shops, shop
D:4:      minmay_bubble_buster, layout_rooms, mainiacjoe_overflow_divided_tiny,
          grunt_ministairs_12

Skill      XL: |  1  2 |
---------------+-------+-----
Fighting       | 4 |  4.2
Axes           | 3 |  3.8
Throwing       | |  0.7
Armour         | |  3.9
Dodging        | |  0.1
Stealth        | |  0.1
Shields        | |  3.6

Action                   |  1- 3 |  4- 6 || total
-------------------------+-------+-------++-------
Melee: War axe           |   126 |    53 ||   179
Throw: Throwing net      |     2 |       ||     2
Invok: Convert to Beogh  |       |     1 ||     1
  Use: Scroll            |     2 |     2 ||     4
       Potion            |       |     2 ||     2
Armor: Scale mail        |    93 |    53 ||   146
Dodge: Dodged            |    82 |    52 ||   134
Block: Buckler           |    47 |    19 ||    66

Table legend: (Time is in decaauts)
 A = Elapsed time spent in this place.
 B = Non-inter-level travel time spent in this place.
 C = Inter-level travel time spent in this place.
 D = Time resting spent in this place.
 E = Time spent auto-exploring this place.
 F = Levels seen in this place.
 G = Mean time per level.
                   A        B        C        D        E       F      G
               +--------+--------+--------+--------+--------+-----+--------+
         Total |   3358 |   3358 |      0 |    111 |   2498 |   4 |  839.5 |
       Dungeon |   3358 |   3358 |      0 |    111 |   2498 |   4 |  839.5 |
               +--------+--------+--------+--------+--------+-----+--------+

Top non-repeatable levels by time:
     D:2: 1185 daAuts
     D:1: 1131 daAuts
     D:3: 959 daAuts
     D:4: 82 daAuts
